 Dungeon Crawl Stone Soup version 0.20.1-1-g8b1a95d (webtiles) character file.

22 ChromeMolly the Charmwright (level 2, -2/19 HPs)
             Began as an Octopode Skald on Dec 31, 2017.
             Slain by a worm (10 damage)
             ... on level 2 of the Dungeon.
             The game lasted 00:05:17 (1311 turns).

ChromeMolly the Charmwright (Octopode Skald)        Turns: 1311, Time: 00:05:18

Health: -2/19      AC:  1    Str: 10    XL:     2   Next: 91%
Magic:  1/5        EV: 13    Int: 15    God:
Gold:   31         SH:  0    Dex: 11    Spells: 4/5 levels left

rFire    . . .     SeeInvis .   e - +0 dagger
rCold    . . .     Gourm    .   (no shield)
rNeg     . . .     Faith    .   (helmet restricted)
rPois    .         Spirit   .   (no amulet)
rElec    .         Reflect  .   f - ring of loudness (curse)
rCorr    .         Harm     .   (no ring)
MR       .....                  (no ring)
Stlth    ++........             (no ring)
Regen    0.1/turn               (no ring)
MPRegen  0.1/turn               (no ring)
                                (no ring)
                                (no ring)

@: infused
A: almost no armour, stealthy swim, amphibious, 8 rings, constrict 8, camouflage
1, gelatinous body 1
a: no special abilities


You were on level 2 of the Dungeon.
You were not hungry.

You visited 1 branch of the dungeon, and saw 2 of its levels.

You collected 31 gold pieces.

Inventory:

Hand Weapons
 e - a +0 dagger (weapon)
Missiles
 d - 53 stones (quivered)
 g - 7 poisoned needles
Jewellery
 f - a cursed ring of loudness (left tentacle)
Scrolls
 i - a scroll of identify
 j - a scroll of blinking {unknown}
Potions
 h - a potion of curing
Books
 b - a book of Battle

   Spells                             Type                      Level
   a - Infusion                       Charms                       1
   b - Shroud of Golubria             Charms/Translocation         2
   c - Song of Slaying                Charms                       2
   d - Spectral Weapon                Hexes/Charms                 3
   e - Regeneration                   Charms/Necromancy            3
Comestibles
 c - a bread ration


   Skills:
 + Level 2.2 Fighting
 * Level 2.0 Short Blades
 + Level 2.5 Dodging
 * Level 1.7 Stealth
 + Level 2.1 Spellcasting
 + Level 3.2 Charms


You had 4 spell levels left.
You knew the following spells:

 Your Spells              Type           Power        Failure   Level  Hunger
a - Infusion              Chrm           ##..         6%          1    #......


Dungeon Overview and Level Annotations

Branches:
Dungeon (2/15)

Altars:


Innate Abilities, Weirdness & Mutations

You cannot wear most types of armour.
You are very stealthy in the water. (Stealth+)
You are amphibious.
You can wear up to eight rings at the same time.
You can use your tentacles to constrict eight enemies at once.
Your skin changes colour to match your surroundings (Stealth+).
Your rubbery body absorbs attacks. (AC +1, EV +1)


Message History

You hit the giant cockroach but do no damage.
You grab the giant cockroach.
The giant cockroach is heavily wounded.
You constrict the giant cockroach, but do no damage.
The giant cockroach bites you. x2; The kobold barely misses you.
You barely miss the worm. Your grab misses the worm.
You constrict the giant cockroach, but do no damage.
The giant cockroach closely misses you. x2; The giant cockroach bites you.
The kobold closely misses you.
You hit the worm. You grab the worm.
The worm is lightly wounded.
You constrict the worm. You constrict the giant cockroach.
You kill the giant cockroach!
The giant cockroach bites you.
You barely miss the kobold. Your grab misses the kobold.
You constrict the worm, but do no damage.
The giant cockroach barely misses you. The kobold misses you.
The worm bites you!
Ouch! That really hurt!
You die...

...........
......#... .#
.........# .#
......... .#
......?.# .#
#...###.###
#.........#
.#.##.K.s..#
#......†@...#
.##.##..w...#
.. #.
#......# .
#.[.%..#
#......#
#......#
########


You could see a worm, a giant cockroach and a kobold.

Vanquished Creatures
  A giant cockroach (D:2)
  A goblin (D:1)
  7 jackals (D:1)
  4 bats
  2 frilled lizards (D:1)
  5 kobolds (D:1)
20 creatures vanquished.

Notes
Turn   | Place    | Note
-------+----------+-------------------------------------------
     0 | D:1      | ChromeMolly the Octopode Skald began the quest for the Orb.
     0 | D:1      | Reached XP level 1. HP: 14/14 MP: 3/3
   139 | D:1      | Reached skill level 1 in Stealth
   139 | D:1      | Reached XP level 2. HP: 8/19 MP: 5/5
  1311 | D:2      | Slain by a worm

Skill      XL: |  1 |
---------------+----+-----
Stealth        | 1 |  1.7
Fighting       | |  2.2
Short Blades   | |  2.0
Dodging        | |  2.5
Spellcasting   | |  2.1
Charms         | |  3.2

Action                   || total
-------------------------++-------
Melee: Dagger            ||    45
       Constrict         ||    11
       Tentacles         ||     7
       Short sword       ||     2
Throw: Stone             ||    15
 Cast: Infusion          ||     3
  Use: Scroll            ||     2
 Stab: Sleeping          ||     5
  Eat: Chunk             ||     1
Armor: Skin              ||     7
Dodge: Dodged            ||    34
